[ AOE2 MATCH · #473022011 ]
UnrankedSlavs vs Cumans
[ REPLAY ANALYSIS · EXTRACTED FROM THE RECORDED GAME ]
Feudal
12:17
Castle
—
Imperial
—
| APM avg | 23.5 |
| APM peak | 60 |
| eAPM avg | 8.9 |
| Villagers / military | 34 / 0 |
Focus
⚔️ 0.0% · 🌾 100.0%
Feudal
11:13
Castle
—
Imperial
—
| APM avg | 21.0 |
| APM peak | 45 |
| eAPM avg | 9.5 |
| Villagers / military | 40 / 0 |
Focus
⚔️ 16.5% · 🌾 83.5%
Feudal
—
Castle
—
Imperial
—
| APM avg | 9.5 |
| APM peak | 22 |
| eAPM avg | 5.7 |
| Villagers / military | 19 / 0 |
Focus
⚔️ 11.3% · 🌾 88.7%
Feudal
11:27
Castle
—
Imperial
—
| APM avg | 9.1 |
| APM peak | 43 |
| eAPM avg | 5.3 |
| Villagers / military | 19 / 0 |
Focus
⚔️ 3.8% · 🌾 96.2%
Feudal
13:13
Castle
—
Imperial
—
| APM avg | 18.3 |
| APM peak | 30 |
| eAPM avg | 10.6 |
| Villagers / military | 43 / 0 |
Focus
⚔️ 4.6% · 🌾 95.4%
Feudal
9:52
Castle
—
Imperial
—
| APM avg | 28.5 |
| APM peak | 62 |
| eAPM avg | 9.6 |
| Villagers / military | 31 / 0 |
Focus
⚔️ 2.5% · 🌾 97.5%
Feudal
10:24
Castle
14:19
Imperial
—
| APM avg | 20.2 |
| APM peak | 43 |
| eAPM avg | 10.1 |
| Villagers / military | 31 / 0 |
Focus
⚔️ 14.2% · 🌾 85.8%
Feudal
12:09
Castle
—
Imperial
—
| APM avg | 26.1 |
| APM peak | 64 |
| eAPM avg | 13.4 |
| Villagers / military | 30 / 0 |
Focus
⚔️ 3.8% · 🌾 96.2%
Match map
Initial resources + every placement click. Lines = walls · curves = elevation contours. ◆ gold · ⬟ stone · ● berries · ✦ relic · ◌ wall gap
Your base· ✓ Closed at 13:56 · 0t walls · 2 gate(s)
comiy's base· ✓ Closed at 12:23 · 0t walls · 3 gate(s)
ZAWVMA's base· ✓ Closed at 12:00 · 0t walls · 3 gate(s)
Mikasa Akerman's base· ✓ Closed at 12:00 · 0t walls · 2 gate(s)
dean03110206's base· ✓ Closed at 12:00 · 0t walls · 3 gate(s)
Ecolibeats's base· ✓ Closed at 14:09 · 0t walls · 3 gate(s)
Oin77777777's base· ✓ Closed at 14:19 · 0t walls · 2 gate(s)
Aurora's base· ✓ Closed at 12:00 · 0t walls · 2 gate(s)
Smoothed initial terrain · ◌ = detected wall gap · hover for details
Inputs per minute
— BananaPyjamas - - comiy
Build order — BananaPyjamas
61 actions detected in the replay
| 0:02 | Create | Villager (Male) |
| 0:02 | Create | Villager (Male) |
| 0:02 | Create | Villager (Male) |
| 0:02 | Create | Villager (Male) |
| 0:02 | Create | Villager (Male) |
| 0:03 | Create | Villager (Male) |
| 0:03 | Research | Loom |
| 0:05 | Build | House |
| 0:07 | Build | House |
| 0:29 | Build | House |
| 0:57 | Build | Lumber Camp |
| 1:31 | Create | Villager (Male) |
| 2:18 | Create | Villager (Male) |
| 2:35 | Create | Villager (Male) |
| 3:06 | Create | Villager (Male) |
| 3:06 | Create | Villager (Male) |
| 3:15 | Create | Villager (Male) |
| 3:53 | Create | Villager (Male) |
| 3:53 | Create | Villager (Male) |
| 3:53 | Create | Villager (Male) |
| 4:45 | Build | House |
| 4:46 | Build | House |
| 5:05 | Create | Villager (Male) |
| 5:05 | Create | Villager (Male) |
| 5:24 | Create | Villager (Male) |
| 5:24 | Create | Villager (Male) |
| 5:57 | Create | Villager (Male) |
| 5:58 | Create | Villager (Male) |
| 5:58 | Create | Villager (Male) |
| 6:16 | Create | Villager (Male) |
| 6:17 | Create | Villager (Male) |
| 6:42 | Create | Villager (Male) |
| 7:38 | Build | Mining Camp |
| 7:48 | Create | Villager (Male) |
| 8:09 | Build | Mill |
| 8:16 | Create | Villager (Male) |
| 8:16 | Create | Villager (Male) |
| 9:16 | Create | Villager (Male) |
| 9:41 | Create | Villager (Male) |
| 9:51 | Build | House |
| 9:52 | Build | House |
| 10:03 | Research | Feudal Age |
| 11:04 | Create | Villager (Male) |
| 11:07 | Create | Villager (Male) |
| 12:12 | Build | Farm |
| 12:13 | Build | Farm |
| 12:15 | Build | Farm |
| 12:16 | Build | Farm |
| 12:17 | Age | Feudal Age |
| 12:18 | Build | Farm |
| 12:19 | Build | Farm |
| 12:21 | Build | Farm |
| 12:22 | Build | Farm |
| 12:31 | Build | Blacksmith |
| 12:35 | Build | Market |
| 12:45 | Build | Mining Camp |
| 13:05 | Create | Villager (Male) |
| 13:31 | Create | Villager (Male) |
| 13:36 | Build | House |
| 13:36 | Build | House |
| 13:56 | Research | Castle Age |
Build order — comiy
46 actions detected in the replay
| 0:05 | Create | Villager (Male) ×5 |
| 0:06 | Create | Villager (Male) ×5 |
| 0:08 | Build | House |
| 0:10 | Build | House |
| 1:38 | Create | Villager (Male) |
| 1:39 | Create | Villager (Male) |
| 1:46 | Build | Lumber Camp |
| 2:09 | Create | Villager (Male) |
| 2:29 | Create | Villager (Male) |
| 2:29 | Create | Villager (Male) |
| 2:30 | Create | Villager (Male) |
| 2:55 | Create | Villager (Male) |
| 2:55 | Create | Villager (Male) |
| 2:55 | Create | Villager (Male) |
| 3:50 | Create | Villager (Male) ×2 |
| 3:50 | Create | Villager (Male) ×2 |
| 4:08 | Create | Villager (Male) |
| 4:21 | Build | Mill |
| 4:42 | Build | House |
| 4:44 | Build | House |
| 4:48 | Research | Loom |
| 4:49 | Create | Villager (Male) |
| 4:50 | Create | Villager (Male) |
| 4:55 | Create | Villager (Male) ×2 |
| 5:45 | Create | Villager (Male) ×2 |
| 5:46 | Create | Villager (Male) ×3 |
| 6:18 | Create | Villager (Male) |
| 7:10 | Create | Villager (Male) ×3 |
| 7:14 | Build | Mining Camp |
| 7:37 | Build | Farm |
| 7:38 | Build | Farm |
| 7:39 | Build | Farm |
| 7:42 | Build | Farm |
| 7:42 | Build | Farm |
| 9:08 | Research | Feudal Age |
| 9:21 | Build | House |
| 10:42 | Create | Villager (Male) |
| 10:42 | Create | Villager (Male) |
| 10:43 | Create | Villager (Male) |
| 11:13 | Age | Feudal Age |
| 11:16 | Build | Market |
| 11:19 | Build | Blacksmith |
| 12:23 | Research | Castle Age |
| 12:23 | Research | Castle Age |
| 12:24 | Research | Castle Age |
| 12:39 | Research | Double-Bit Axe |
Build order — ZAWVMA
31 actions detected in the replay
| 4:22 | Build | House |
| 4:23 | Build | House |
| 4:24 | Build | House |
| 4:27 | Create | Villager (Male) ×4 |
| 5:18 | Build | Mill |
| 5:31 | Build | House |
| 5:48 | Research | Loom |
| 6:16 | Create | Villager (Male) |
| 6:16 | Create | Villager (Male) |
| 6:43 | Create | Villager (Male) |
| 7:07 | Create | Villager (Male) |
| 7:34 | Create | Villager (Male) |
| 7:51 | Create | Villager (Male) |
| 8:23 | Create | Villager (Male) |
| 9:02 | Create | Villager (Male) |
| 9:12 | Create | Villager (Male) |
| 9:32 | Create | Villager (Male) |
| 10:15 | Create | Villager (Male) |
| 10:29 | Create | Villager (Male) |
| 10:57 | Build | Lumber Camp |
| 11:02 | Create | Villager (Male) |
| 11:14 | Create | Villager (Male) |
| 11:55 | Create | Villager (Male) |
| 12:25 | Research | Feudal Age |
| 12:25 | Research | Feudal Age |
| 12:56 | Build | House |
| 12:57 | Build | House |
| 13:56 | Build | Farm |
| 13:57 | Build | Farm |
| 13:58 | Build | Farm |
| 14:11 | Build | Farm |
Build order — Mikasa Akerman
28 actions detected in the replay
| 0:02 | Build | House |
| 0:13 | Create | Villager (Male) ×4 |
| 0:27 | Build | House |
| 0:54 | Build | House |
| 1:50 | Build | Lumber Camp |
| 1:55 | Create | Villager (Male) |
| 2:35 | Create | Villager (Male) |
| 2:55 | Create | Villager (Male) |
| 3:29 | Create | Villager (Male) |
| 3:46 | Create | Villager (Male) |
| 4:01 | Create | Villager (Male) |
| 4:22 | Create | Villager (Male) |
| 4:52 | Create | Villager (Male) |
| 4:53 | Create | Villager (Male) |
| 5:33 | Create | Villager (Male) |
| 5:38 | Build | House |
| 5:39 | Build | House |
| 6:30 | Create | Villager (Male) |
| 6:30 | Create | Villager (Male) |
| 6:30 | Create | Villager (Male) |
| 6:31 | Create | Villager (Male) |
| 6:31 | Create | Villager (Male) |
| 7:21 | Build | Barracks |
| 8:19 | Build | Mill |
| 8:51 | Build | Mining Camp |
| 9:18 | Research | Feudal Age |
| 11:27 | Age | Feudal Age |
| 11:31 | Build | Market |
Build order — dean03110206
69 actions detected in the replay
| 0:09 | Build | House |
| 0:15 | Research | Loom |
| 0:16 | Create | Villager (Male) |
| 0:16 | Create | Villager (Male) |
| 0:16 | Create | Villager (Male) |
| 0:17 | Create | Villager (Male) |
| 0:17 | Create | Villager (Male) |
| 0:50 | Build | House |
| 0:51 | Build | House |
| 2:33 | Create | Villager (Male) |
| 2:33 | Create | Villager (Male) |
| 2:54 | Create | Villager (Male) |
| 2:54 | Create | Villager (Male) |
| 3:26 | Create | Villager (Male) |
| 3:26 | Create | Villager (Male) |
| 3:43 | Create | Villager (Male) |
| 3:43 | Create | Villager (Male) |
| 3:43 | Create | Villager (Male) |
| 3:52 | Build | Mill |
| 4:02 | Build | House |
| 4:26 | Create | Villager (Male) |
| 4:26 | Create | Villager (Male) |
| 4:27 | Create | Villager (Male) |
| 4:39 | Create | Villager (Male) |
| 4:40 | Create | Villager (Male) |
| 5:01 | Create | Villager (Male) |
| 5:01 | Create | Villager (Male) |
| 6:07 | Create | Villager (Male) |
| 6:07 | Create | Villager (Male) |
| 6:07 | Create | Villager (Male) |
| 6:07 | Create | Villager (Male) |
| 6:08 | Create | Villager (Male) |
| 6:31 | Create | Villager (Male) |
| 6:31 | Create | Villager (Male) |
| 6:54 | Create | Villager (Male) |
| 6:54 | Create | Villager (Male) |
| 6:59 | Create | Villager (Male) |
| 7:00 | Create | Villager (Male) |
| 7:00 | Create | Villager (Male) |
| 7:14 | Build | House |
| 7:20 | Create | Villager (Male) |
| 7:20 | Create | Villager (Male) |
| 7:28 | Build | Lumber Camp |
| 7:51 | Create | Villager (Male) |
| 8:15 | Create | Villager (Male) |
| 9:11 | Create | Villager (Male) |
| 9:11 | Create | Villager (Male) |
| 9:17 | Build | Farm |
| 9:18 | Build | Farm |
| 9:24 | Build | House |
| 9:27 | Build | House |
| 9:29 | Build | House |
| 9:58 | Build | Mining Camp |
| 10:16 | Create | Villager (Male) |
| 10:16 | Create | Villager (Male) |
| 10:30 | Research | Feudal Age |
| 11:25 | Build | House |
| 11:30 | Create | Villager (Male) |
| 11:30 | Create | Villager (Male) |
| 12:09 | Build | House |
| 12:53 | Build | House |
| 13:13 | Age | Feudal Age |
| 13:21 | Build | Market |
| 13:26 | Build | Blacksmith |
| 13:34 | Build | Market |
| 13:41 | Research | Wheelbarrow |
| 14:02 | Build | Farm |
| 14:04 | Build | Farm |
| 14:14 | Build | Farm |
Build order — Ecolibeats
57 actions detected in the replay
| 0:05 | Build | House |
| 0:05 | Build | House |
| 0:07 | Create | Villager (Male) |
| 0:07 | Create | Villager (Male) |
| 0:07 | Create | Villager (Male) |
| 0:08 | Create | Villager (Male) |
| 1:31 | Create | Villager (Male) |
| 1:31 | Create | Villager (Male) |
| 1:55 | Build | Lumber Camp |
| 2:04 | Create | Villager (Male) |
| 2:04 | Create | Villager (Male) |
| 2:30 | Create | Villager (Male) |
| 2:30 | Create | Villager (Male) |
| 3:00 | Create | Villager (Male) |
| 3:00 | Create | Villager (Male) |
| 3:32 | Build | House |
| 3:33 | Build | House |
| 4:00 | Create | Villager (Male) |
| 4:00 | Create | Villager (Male) |
| 4:00 | Create | Villager (Male) |
| 4:33 | Create | Villager (Male) |
| 4:34 | Create | Villager (Male) |
| 4:54 | Create | Villager (Male) |
| 5:21 | Create | Villager (Male) |
| 6:21 | Create | Villager (Male) |
| 6:22 | Create | Villager (Male) |
| 7:02 | Build | Mill |
| 7:42 | Research | Feudal Age |
| 8:14 | Create | Villager (Male) |
| 8:14 | Create | Villager (Male) |
| 9:52 | Age | Feudal Age |
| 9:52 | Research | Double-Bit Axe |
| 9:58 | Build | Farm |
| 9:59 | Build | Farm |
| 10:00 | Build | Farm |
| 10:01 | Build | Farm |
| 10:04 | Build | Farm |
| 10:06 | Build | Farm |
| 10:24 | Create | Villager (Male) |
| 10:24 | Create | Villager (Male) |
| 10:47 | Build | Mining Camp |
| 10:53 | Build | House |
| 11:15 | Create | Villager (Male) |
| 11:15 | Create | Villager (Male) |
| 11:49 | Build | Farm |
| 11:51 | Build | Farm |
| 11:53 | Build | Farm |
| 12:02 | Create | Villager (Male) |
| 12:02 | Create | Villager (Male) |
| 12:07 | Build | Market |
| 12:12 | Build | Blacksmith |
| 12:35 | Create | Villager (Male) |
| 12:35 | Create | Villager (Male) |
| 12:53 | Build | Farm |
| 13:19 | Build | Farm |
| 13:47 | Build | Farm |
| 14:09 | Research | Castle Age |
Build order — Oin77777777
48 actions detected in the replay
| 0:06 | Build | House |
| 0:08 | Build | House |
| 0:09 | Create | Villager (Male) |
| 0:09 | Create | Villager (Male) |
| 0:10 | Create | Villager (Male) |
| 1:27 | Create | Villager (Male) |
| 1:27 | Create | Villager (Male) |
| 1:36 | Create | Villager (Male) |
| 1:58 | Build | Lumber Camp |
| 2:18 | Create | Villager (Male) |
| 2:18 | Create | Villager (Male) |
| 2:19 | Create | Villager (Male) |
| 2:19 | Create | Villager (Male) |
| 2:19 | Create | Villager (Male) |
| 2:44 | Create | Villager (Male) |
| 2:44 | Create | Villager (Male) |
| 2:55 | Create | Villager (Male) |
| 2:56 | Create | Villager (Male) |
| 2:56 | Create | Villager (Male) |
| 3:32 | Create | Villager (Male) |
| 4:00 | Create | Villager (Male) |
| 4:00 | Create | Villager (Male) |
| 4:13 | Build | House |
| 4:16 | Build | House |
| 4:23 | Create | Villager (Male) |
| 5:04 | Create | Villager (Male) |
| 5:25 | Build | Mill |
| 5:26 | Create | Villager (Male) |
| 5:38 | Build | House |
| 6:01 | Create | Villager (Male) |
| 6:29 | Create | Villager (Male) |
| 6:53 | Create | Villager (Male) |
| 7:10 | Create | Villager (Male) |
| 7:44 | Create | Villager (Male) |
| 7:51 | Build | Mining Camp |
| 8:14 | Research | Feudal Age |
| 10:20 | Create | Villager (Male) |
| 10:24 | Age | Feudal Age |
| 10:30 | Build | Market |
| 10:34 | Build | Blacksmith |
| 10:43 | Create | Villager (Male) |
| 10:51 | Build | House |
| 11:39 | Research | Castle Age |
| 11:43 | Research | Double-Bit Axe |
| 11:56 | Build | Mining Camp |
| 14:10 | Create | Villager (Male) |
| 14:10 | Create | Villager (Male) |
| 14:19 | Age | Castle Age |
Build order — Aurora
58 actions detected in the replay
| 0:07 | Build | House |
| 0:08 | Build | House |
| 0:13 | Create | Villager (Male) |
| 0:13 | Create | Villager (Male) |
| 0:25 | Create | Villager (Male) |
| 0:33 | Create | Villager (Male) |
| 0:33 | Create | Villager (Male) |
| 1:36 | Create | Villager (Male) |
| 2:13 | Create | Villager (Male) |
| 2:22 | Build | Lumber Camp |
| 2:26 | Create | Villager (Male) |
| 3:03 | Create | Villager (Male) |
| 3:19 | Create | Villager (Male) |
| 4:14 | Create | Villager (Male) |
| 4:37 | Build | House |
| 4:43 | Create | Villager (Male) |
| 4:54 | Build | House |
| 5:19 | Create | Villager (Male) |
| 5:20 | Create | Villager (Male) |
| 5:57 | Create | Villager (Male) |
| 5:57 | Create | Villager (Male) |
| 6:23 | Create | Villager (Male) |
| 6:23 | Create | Villager (Male) |
| 7:08 | Create | Villager (Male) |
| 7:37 | Create | Villager (Male) |
| 7:51 | Build | Mill |
| 8:12 | Create | Villager (Male) |
| 8:12 | Create | Villager (Male) |
| 8:40 | Build | Mining Camp |
| 8:57 | Create | Villager (Male) |
| 8:57 | Create | Villager (Male) |
| 9:19 | Build | Mill |
| 9:33 | Create | Villager (Male) |
| 9:37 | Build | Mining Camp |
| 9:59 | Research | Feudal Age |
| 10:59 | Create | Villager (Male) |
| 10:59 | Create | Villager (Male) |
| 11:14 | Build | House |
| 11:15 | Build | House |
| 11:17 | Build | House |
| 11:19 | Build | House |
| 11:30 | Build | House |
| 11:38 | Build | Farm |
| 12:08 | Build | Farm |
| 12:09 | Build | Farm |
| 12:09 | Age | Feudal Age |
| 12:10 | Build | Farm |
| 12:11 | Build | Farm |
| 12:13 | Research | Double-Bit Axe |
| 12:16 | Create | Villager (Male) |
| 12:26 | Build | Farm |
| 12:27 | Build | Farm |
| 12:29 | Build | Farm |
| 12:32 | Build | Farm |
| 12:39 | Create | Villager (Male) |
| 12:45 | Research | Horse Collar |
| 13:14 | Build | Farm |
| 13:20 | Create | Villager (Male) |
Match timeline
| 7:21 | Mikasa Akerman · first_building Barracks |
| 9:52 | Ecolibeats · age_up feudal |
| 10:24 | Oin77777777 · age_up feudal |
| 11:13 | comiy · age_up feudal |
| 11:27 | Mikasa Akerman · age_up feudal |
| 12:09 | Aurora · age_up feudal |
| 12:17 | BananaPyjamas · age_up feudal |
| 13:13 | dean03110206 · age_up feudal |
| 13:38 | Mikasa Akerman · resign |
| 14:19 | Oin77777777 · age_up castle |
[ AI ANALYSIS · 1 CREDIT ]
What really happened in this match?
Wolo.gg analyzes every decision: build order, eco, micro, common mistakes by bracket. Personalized analysis on WhatsApp or Discord in 30 seconds.
Civ guide
Slavs
Perfil
Jugador #12228633